 Dungeon Crawl Stone Soup version 0.26-a0-642-g67e99244d3 (webtiles) character file.

Game seed: 644285446931371646

241 ANON1729 the Skirmisher (level 5, -2/42 HPs)
             Began as a Mummy Chaos Knight on Sept 21, 2020.
             Was a Plaything of Xom.
             Slain by Sigmund
             ... wielding a +0 scythe
              (3 damage)
             ... on level 3 of the Dungeon.
             The game lasted 00:03:29 (3152 turns).

ANON1729 the Skirmisher (Mummy Chaos Knight)        Turns: 3152, Time: 00:03:30

Health: -2/42      AC:  5    Str: 16    XL:     5   Next: 80%
Magic:  5/5        EV: 12    Int: 12    God:    Xom [.*....]
Gold:   109        SH:  0    Dex: 11    Spells: 4/4 levels left

rFire    x . .     SeeInvis .   a - +0 spear (chaos)
rCold    + . .     Faith    .   (no shield)
rNeg     + + +     Spirit   .   b - +2 leather armour
rPois    ∞         Reflect  .   (no helmet)
rElec    .         Harm     .   (no cloak)
rCorr    .         Rampage  .   (no gloves)
MR       .....                  (no boots)
Stlth    +.........             (no amulet)
HPRegen  0.14/turn              (no ring)
MPRegen  0.09/turn              (no ring)

@: no status effects
A: no potions, fire vulnerability, cold resistance 1, negative energy resistance
3, torment resistance, unbreathing
a: Renounce Religion


You were on level 3 of the Dungeon.
You worshipped Xom.
You were a plaything of Xom.
You visited 1 branch of the dungeon, and saw 3 of its levels.

You collected 109 gold pieces.

Inventory:

Hand Weapons
 a - a +0 spear of chaos (weapon)
Armour
 b - a +2 leather armour (worn)
Jewellery
 f - an uncursed amulet of guardian spirit
 h - a +4 ring of protection {unknown}
 l - a cursed -4 ring of protection {unknown}
Scrolls
 c - a scroll of blinking {unknown}
 d - 3 scrolls of identify
 e - a scroll of magic mapping {unknown}
 g - a scroll of random uselessness {unknown}
 i - a scroll of enchant armour {unknown}
 j - 2 scrolls of remove curse {unknown}
 k - a scroll of immolation {unknown}


   Skills:
 + Level 4.1 Fighting
 + Level 3.3 Polearms
 + Level 2.8 Armour
 + Level 2.4 Dodging


You had 4 spell levels left.
You didn't know any spells.
Your spell library was empty.

Dungeon Overview and Level Annotations

Branches:
Dungeon (3/15)

Altars:
Ru
Vehumet
Zin

Annotations:
D:3 Sigmund


Innate Abilities, Weirdness & Mutations

You do not drink.
Your flesh is vulnerable to fire.
You are immune to poison.
Your flesh is cold resistant. (rC+)
You are immune to negative energy. (rN+++)
You are immune to unholy pain and torment.
You can survive without breathing.


Message History

Something hits you.
* * * LOW HITPOINT WARNING * * *
The shadow imp hits you but does no damage.
The ufetubus hits you.
* * * LOW HITPOINT WARNING * * *
The ufetubus hits you.
* * * LOW HITPOINT WARNING * * *
Unknown command.
Okay, then.
Unknown command.
You can't drink.
Okay, then.
As you read the scroll labeled NIMUSU OSAASTOUKH, it crumbles to dust.
It is a scroll of identify.
f - an uncursed amulet of guardian spirit The ufetubus hits you but does no damage.
The ufetubus closely misses you.
The shadow imp hits you but does no damage.
Something hits you.
You die...

#..# #..# ####
#..# ...# #..#
...#
##########..##
...#
#............#
...#
#.########§###
...# #.# #5#
...# #.# #@#
#### #.# #5#
#######.# #{#
........# #§#
[.#####.# #.#
......#.# ...
..#.##### #
### ..#[# .##.
..#.# ...


You could see a shadow imp (summoned) and an ufetubus (summoned).

Vanquished Creatures
  2 orc priests (D:3)
  4 gnolls
  2 adders (D:3)
  An ooze (D:1)
  2 worms
  A dart slug (D:1)
  9 orcs (D:3)
  9 bats
  6 giant cockroaches
  6 goblins
  6 hobgoblins
  4 jackals (D:1)
  8 kobolds
  A ball python (D:3)
  4 frilled lizards
  5 rats
70 creatures vanquished.

Vanquished Creatures (collateral kills)
  A scorpion (D:2)
  A leopard gecko (D:2)
  2 jackals (D:2)
  A frilled lizard (D:2)
5 creatures vanquished.

Grand Total: 75 creatures vanquished

Notes
Turn   | Place    | Note
-------+----------+-------------------------------------------
     0 | D:1      | ANON1729 the Mummy Chaos Knight began the quest for the
                  | Orb.
     0 | D:1      | Reached XP level 1. HP: 18/18 MP: 1/1
    84 | D:1      | XOM: potion effect (invisibility)
    86 | D:1      | XOM: silly message
   126 | D:1      | Reached skill level 1 in Dodging
   128 | D:1      | Reached XP level 2. HP: 23/24 MP: 2/2
   579 | D:1      | Reached XP level 3. HP: 29/29 MP: 3/3
  1006 | D:2      | XOM: stealth player
  1014 | D:1      | XOM is BORED!
  1014 | D:1      | XOM: noise
  1209 | D:2      | Reached XP level 4. HP: 11/36 MP: 4/4
  1231 | D:2      | XOM: 1-stop teleportation journey
  1257 | D:2      | XOM: 2-stop teleportation journey
  1461 | D:2      | XOM: summons 4 friendly demons
  1557 | D:2      | Found a sacrificial altar of Ru.
  1605 | D:2      | Found a glowing silver altar of Zin.
  1681 | D:2      | Found a radiant altar of Vehumet.
  2022 | D:3      | Reached XP level 5. HP: 42/42 MP: 5/5
  2302 | D:3      | XOM: 4-stop teleportation journey
  2582 | D:3      | Reached skill level 4 in Fighting
  2585 | D:3      | HP: 2/42 [orc (2)]
  2919 | D:3      | XOM: scenery: 1 doors close
  3134 | D:3      | Noticed Sigmund
  3139 | D:3      | XOM: silly message
  3143 | D:3      | XOM: summons 3 hostile demons
  3147 | D:3      | XOM: smoke on damage
  3151 | D:3      | HP: 1/42 [ufetubus[Xom] (3)]
  3152 | D:3      | Slain by Sigmund

Illustrated notes

Levels and vault maps discovered:
D:1:      wheals_arrival_linesprint, layout_basic, minmay_fountain_box
D:2:      layout_rooms, overflow_temple_1_default,
          nicolae_overflow_hidden_temple, nicolae_ru_sacrificial_ziggurat
D:3:      layout_basic, uniq_sigmund

Skill      XL: |  1  2  3  4  5 |
---------------+----------------+-----
Dodging        | 1 2 |  2.4
Armour         | 2 |  2.8
Polearms       | 3 |  3.3
Fighting       | 4 |  4.1

Action                   |  1- 3 |  4- 6 || total
-------------------------+-------+-------++-------
Melee: Spear             |   102 |   159 ||   261
  Use: Scroll            |       |     1 ||     1
 Stab: Invisible         |     2 |       ||     2
       Sleeping          |     1 |     1 ||     2
       Petrifying        |       |     1 ||     1
Armor: Leather armour    |    17 |    56 ||    73
Dodge: Dodged            |    57 |    71 ||   128

Table legend: (Time is in decaauts)
 A = Elapsed time spent in this place.
 B = Non-inter-level travel time spent in this place.
 C = Inter-level travel time spent in this place.
 D = Time resting spent in this place.
 E = Time spent auto-exploring this place.
 F = Levels seen in this place.
 G = Mean time per level.
                   A        B        C        D        E       F      G
               +--------+--------+--------+--------+--------+-----+--------+
         Total |   3140 |   3008 |    132 |    853 |   1750 |   3 | 1046.7 |
       Dungeon |   3140 |   3008 |    132 |    853 |   1750 |   3 | 1046.7 |
               +--------+--------+--------+--------+--------+-----+--------+

Top non-repeatable levels by time:
     D:3: 1252 daAuts
     D:1: 1191 daAuts
     D:2: 696 daAuts
